 Dungeon Crawl Stone Soup version 0.29.0-4-gdea44cf6ec (webtiles) character file.

Game seed: 8055236554538825664

9 qw the Sneak (level 2, -4/19 HPs)
             Began as a Gargoyle Delver on Sept 10, 2022.
             Killed from afar by Ijyb (6 damage)
             ... with a puff of flame
             ... on level 5 of the Dungeon.
             The game lasted 00:00:02 (34 turns).

qw the Sneak (Gargoyle Delver)                        Turns: 34, Time: 00:00:03

Health: -4/19      AC:  5    Str: 15    XL:     2   Next: 12%
Magic:  2/2        EV: 11    Int: 10    God:
Gold:   0          SH:  0    Dex: 11    Spells: 1/1 levels left

rFire   . . .      SeeInvis .   a - +0 hand axe
rCold   . . .      Faith    .   (no shield)
rNeg    + . .      Spirit   .   b - +0 leather armour
rPois   inf        Reflect  .   (no helmet)
rElec   +          Harm     .   (no cloak)
rCorr   .          Rampage  .   (no gloves)
Will    .....                   (no boots)
Stlth   +++.......              (no amulet)
HPRegen 0.06/turn               (no ring)
MPRegen 0.08/turn               (no ring)

@: no status effects
A: sickness immunity, AC +2, negative energy resistance 1, electricity
resistance, torment resistance 1, petrification resistance
a: no special abilities


You were on level 5 of the Dungeon.
You visited 1 branch of the dungeon, and saw 1 of its levels.


Innate Abilities, Weirdness & Mutations

You are immune to sickness and miasma.
Your stone body is resilient. (AC +2)
You are immune to poison.
You resist negative energy. (rN+)
You are resistant to electric shocks. (rElec)
You are resistant to unholy torment.
You are immune to petrification.


   Skills:
 - Level 3.2 Fighting
 + Level 2.5 Axes
 - Level 1.5 Dodging
 - Level 5.4 Stealth


You had one spell level left.
You didn't know any spells.
Your spell library was empty.

Inventory:

Hand Weapons
 a - a +0 hand axe (weapon)
Armour
 b - a +0 leather armour (worn)
Wands
 g - a wand of digging (3)
Potions
 f - a potion of haste

Dungeon Overview and Level Annotations

Branches:
Dungeon (5/15)
 Temple: D:4-7

Altars:

Shops:
D:5 [

Annotations:
D:5 Ijyb


Message History

The adder is almost dead.
You hear an angry hiss.
The adder bites you but does no damage. x2
You miss the adder.
The adder is almost dead.
You closely miss Ijyb.
Ijyb zaps a wand.
The puff of flame misses you. The adder bites you.
You hit the adder.
You kill the adder!
You hit Ijyb but do no damage.
Ijyb unwields a +0 sling.
Ijyb wields a +0 dagger of venom.
It begins to drip with poison!
Ijyb hits you with a +0 dagger of venom.
Your Axes skill increases to level 2!
You have reached level 2!
You hit Ijyb.
Ijyb is moderately wounded.
Ijyb hits you but does no damage.
An orc comes into view. It is wielding a +0 club.
An orc comes into view. It is wielding a +0 dagger.
Ijyb hits you but does no damage.
The orc shouts!
You hit Ijyb but do no damage.
Ijyb is lightly wounded.
You hear a shout!
Ijyb hits you but does no damage.
You hit Ijyb but do no damage.
Ijyb is lightly wounded.
An orc comes into view. It is wielding a +0 club.
Ijyb hits you but does no damage.
You barely miss Ijyb.
Ijyb is lightly wounded.
You hit the orc.
An orc comes into view. It is wielding a +0 hand axe.
The orc barely misses you.
Ijyb zaps a wand.
The puff of flame hits you.
The orc shouts!
You hit the orc.
You kill the orc!
You hit Ijyb but do no damage.
Ijyb zaps a wand.
The puff of flame hits you.
You die...

#...# ... ##...# ...
#....# .... +.>..#
..... ######...#
.....##...##...##
.....?..........#
................#
.....##@..##....#
.... #)g.##....#
...........#......
.Y.........+.......
....o......#........
<....#....##..#..#..
.....##8### .... #.#
.... #\#


You could see Ijyb and an orc.

Vanquished Creatures
  An adder (D:5)
  An orc (D:5)
2 creatures vanquished.

Notes
Turn   | Place    | Note
-------+----------+-------------------------------------------
     0 | D:5      | qw the Gargoyle Delver began the quest for the Orb.
     0 | D:5      | Reached XP level 1. HP: 14/14 MP: 1/1
     0 | D:5      | 0 ||| qw: Version: 0.1-a-116-g5d60599
     0 | D:5      | 0 ||| qw: Game counter: 8747
     0 | D:5      | 0 ||| qw: Always use a shield: true
     0 | D:5      | 0 ||| qw: God list: Okawaru
     0 | D:5      | 0 ||| qw: Allow faded altars: false
     0 | D:5      | 0 ||| qw: Do Orc after D:15 true
     0 | D:5      | 0 ||| qw: Do second Lair branch before Depths: true
     0 | D:5      | 0 ||| qw: Lair rune preference: random
     0 | D:5      | 0 ||| qw: Plans: Normal
     0 | D:5      | 0 ||| PLANNING D:1-11
     9 | D:5      | Found Saekudip's Armour Boutique.
     9 | D:5      | Noticed an iguana
     9 | D:5      | Noticed an ice beast
    10 | D:5      | 10 ||| Stepping ~*~*~tactically~*~*~ (stealth).
    11 | D:5      | 11 ||| DROPPING scroll of fog.
    13 | D:5      | 13 ||| DROPPING scroll of magic mapping.
    14 | D:5      | 14 ||| DROPPING scroll of fear.
    21 | D:5      | Noticed Ijyb
    30 | D:5      | Reached XP level 2. HP: 7/19 MP: 2/2
    33 | D:5      | HP: 2/19 [Ijyb/puff of flame (5)]
    34 | D:5      | Killed from afar by Ijyb

Levels and vault maps discovered:
D:5:      layout_gridville, grunt_gozag_statues, serial_shops, shop_statue,
          shop_fountains, shop, minivault_25, uniq_blork_the_orc,
          uniq_eustachio, uniq_duvessa, uniq_ijyb

Skill      XL: |  1 |
---------------+----+-----
Axes           | 2 |  2.5
Fighting       | |  3.2
Dodging        | |  1.5
Stealth        | |  5.4

Action                   || total
-------------------------++-------
Melee: Hand axe          ||    19
Armor: Leather armour    ||    10
Dodge: Dodged            ||    13

Table legend:
 A = Non-vault XP
 B = Vault XP
 C = Vault XP percentage of total XP
 D = Non-vault monster count
 E = Vault monster count
 F = Vault count percentage of total count
                 A         B        C        D         E       F
            +---------+---------+-------+---------+---------+-------
      Total |      16 |       0 |   0.0 |       2 |       0 |   0.0
            +---------+---------+-------+---------+---------+-------
        D:5 |      16 |       0 |   0.0 |       2 |       0 |   0.0
            +---------+---------+-------+---------+---------+-------
